sexy leather pumps are sexy, neutral male gnomish Healer --------- ------ #........| ------- |....| #|.......| |.....-### |....| #|..)....| |.....| # |....| #|.......| |.....| ### --------- |...>| #|......*-# |.....| # |.......-### -+-.-- #---------# -----.- ##-.......| # ----------- # #### # ## |.......| ##-.........| ### # # # --------- |.........| # # ### ### |.......@H| ### # # # ----------- # # ### #%# # # # -----.------ - --.-------# ### |..........| |..........|# # |..........| |........{..# ###|..........| |..........| #.....".....| ------------ ------------ sexy leather pumps are sexy the Empiric Experience level: 3 Strength: 11 Dexterity: 7 Constitution: 13 Intelligence: 11 Wisdom: 18 Charisma: 16 Health: 0(33) Energy: 3(18) Def: 2 Gold: 1867 Moves: 1551 Dungeon seed: 3ScUKhpl3y4yxekQ Game ID: sexy leather pumps are sexy_1530304856 Your Inventory: Coins $ - 1867 gold pieces Weapons a - an uncursed +0 scalpel (weapon in hand) Armor e - a blessed +1 pair of leather gloves (being worn) Comestibles j - 8 uncursed apples k - 7 blessed eucalyptus leaves m - an uncursed tripe ration Spellbooks h - a blessed spellbook of extra healing Potions c - 4 uncursed potions of healing d - an uncursed potion of extra healing Wands f - an uncursed wand of sleep (0:5) q - an uncursed wand of light (0:10) Tools b - an uncursed stethoscope l - an uncursed oil lamp (0:1144) Spells and supernatural/magical abilities: Name Level Category Cost Memory a - healing 1 healing 5pw 98% b - stone to flesh 3 healing 15pw 98% W - pray for help -- divine ? -- Your skills at the end: Fighting Skills wands [Basic] Weapon Skills knife [Basic] Spellcasting Skills healing spells [Skilled] Final Attributes: You were piously aligned. You were immune to poison. You had infravision. You were lucky. Hermes was noncommittal. You are dead. Vanquished creatures: a red mold 5 jackals 2 kobolds a goblin 2 sewer rats 2 grid bugs 3 lichens 2 newts 18 creatures vanquished. Voluntary challenges: You were an atheist. You used a wielded weapon 55 times, starting on turn 115. You read items or engraved 8 times, starting on turn 5. You never genocided any monsters. You never polymorphed an object. You never changed form. You used 1 wish, starting on turn 3. You did not wish for any artifacts. You never split a pudding. You wrote Elbereth's name 4 times, starting on turn 117. You never violated your personal moral code. Dungeon overview: The Dungeons of Doom: levels 1 to 3 Level 1 <- You were here a fountain a long staircase Level 2 an altar to Hermes a long staircase Level 3 History has recorded: On T:1 you entered the Dungeons of Doom to retrieve the Amulet of Yendor! On T:3 you wished for "statue of Croesus". On T:222 you reached level 2 of The Dungeons of Doom. On T:376 you reached level 3 of The Dungeons of Doom. On T:390 you advanced to experience level 2. On T:1511 you advanced to experience level 3. Score breakdown: Gold: 40 ( 5486 points) Experience: 3 levels ( 7878 points) Exploration: 3 levels ( 5.88%) ( 6000 points) Discoveries: 1 item ( 0.34%) ( 1743 points) Valuables value: (no points given unless you survive) Artifact value: 0 ( 0 points) Variety of kills: 8 monsters ( 2.11%) ( 4352 points) Turncount: 1551 turns ( 0 points) Survival: died (score multiplied by 80%) Total score: 20367 Latest messages: You see here a statue of male Croesus. Where do you want to travel to? You stop travelling. The kobold wields a spear! You hit the kobold. The kobold thrusts her spear at you. The kobold hits! You hit the kobold. You kill the kobold! Welcome to experience level 3. Where do you want to travel to? You feel hungry. The statue of male Croesus comes to life! Croesus hits! The initiate hits! The initiate kicks! The ettin hits! You die... Final status: Goodbye sexy leather pumps are sexy the Healer, killed by an ettin... You died in The Dungeons of Doom on dungeon level 1 with 20367 points, and 1867 pieces of gold, after 1551 moves. You were level 3 with a maximum of 33 hit points when you died.